 Dungeon Crawl Stone Soup version 0.21.1-1-g345015f (webtiles) character file.

504 infcreate the Grave Robber (level 6, -9/32 HPs)
             Began as a Deep Elf Necromancer on July 1, 2018.
             Mangled by Menkaure (18 damage)
             ... on level 4 of the Dungeon.
             The game lasted 00:24:24 (4100 turns).

infcreate the Grave Robber (Deep Elf Necromancer)   Turns: 4100, Time: 00:24:25

Health: -9/32      AC:  9    Str:  5    XL:     6   Next: 96%
Magic:  13/18      EV: 13    Int: 22    God:
Gold:   148        SH:  0    Dex: 15    Spells: 6/19 levels left

rFire    . . .     SeeInvis .   (no weapon)
rCold    . . .     Gourm    .   (no shield)
rNeg     . . .     Faith    .   n - +2 robe {Archmagi}
rPois    .         Spirit   .   (no helmet)
rElec    .         Reflect  .   (no cloak)
rCorr    .         Harm     .   (no gloves)
MR       .....                  (no boots)
Stlth    ++........             (no amulet)
HPRegen  0.10/turn              h - +5 ring of protection
MPRegen  0.16/turn              (no ring)

@: no status effects
A: no striking features
a: no special abilities


You were on level 4 of the Dungeon.
You were not hungry.

You visited 1 branch of the dungeon, and saw 4 of its levels.

You collected 148 gold pieces.

Inventory:

Armour
 i - a +2 robe of magic resistance
 n - a +2 robe of the Archmagi (worn)
Jewellery
 g - an uncursed amulet of faith
 h - a +5 ring of protection (left hand)
 j - an uncursed amulet of regeneration {unknown}
Wands
 k - a wand of digging (11)
 l - a wand of flame (17)
Scrolls
 d - 2 scrolls of remove curse
 e - a scroll of teleportation
 m - 2 scrolls of noise {unknown}
Potions
 a - a potion of agility {unknown}
 f - 4 potions of lignification {unknown}
Books
 b - a book of Necromancy

   Spells                             Type                      Level
   a - Pain                           Necromancy                   1
   b - Animate Skeleton               Necromancy                   1
   c - Vampiric Draining              Necromancy                   3
   d - Regeneration                   Charms/Necromancy            3
   e - Animate Dead                   Necromancy                   4
   f - Borgnjor's Vile Clutch         Necromancy/Earth             5
Comestibles
 c - 5 rations
 o - 2 chunks of flesh


   Skills:
 + Level 2.6 Dodging
 + Level 3.5 Stealth
 + Level 7.2 Spellcasting
 + Level 7.6 Necromancy


You had 6 spell levels left.
You knew the following spells:

 Your Spells              Type           Power        Failure   Level  Hunger
a - Pain                  Necr           ####         1%          1    None
b - Vampiric Draining     Necr           ######....   1%          3    None
c - Animate Dead          Necr           N/A          3%          4    ###....
d - Borgnjor's Vile Clut  Necr/Erth      #####.....   43%         5    #####..


Dungeon Overview and Level Annotations

Branches:
Dungeon (4/15)
 Temple: D:4-7

Altars:
Trog

Annotations:
D:3 GreatBrownShark's ghost, amateur HOFi
D:4 Menkaure; Sigmund


Message History

You kill Edmund!
Your Spellcasting skill increases to level 7!
You feel life coursing into your body.
Things that are here:
a flail of crushing; a scale mail You start resting.
You start resting.
You start resting.
Menkaure shouts!
Menkaure hits you!
Ouch! That really hurt!
Menkaure calls on the powers of darkness!
Your body is wracked with pain!
* * * LOW HITPOINT WARNING * * *
Menkaure barely misses you.
Things that are here:
a flail of crushing; a scale mail Menkaure hits you!!
Ouch! That really hurt!
You die...

.....#..####..#
...........@...
........(....@. #.# #.##
#..## ##..### # ##.).#
.####
###############@###......
#..............M......##
#.........####...##.#..#.
#....)...........##.##...
#.......[.####...##....
#.........# ###.##..#
#.........# #.#..#
#..)......######....#####..
######.....##.............#


You could see Menkaure.

Vanquished Creatures
  Edmund (D:4)
  An ogre (D:4)
  A bullfrog (D:3)
  An orc priest (D:4)
  Jessica (D:3)
  An orc wizard (D:4)
  A worker ant (D:4)
  An adder (D:2)
  3 gnolls (D:3)
  3 worms
  2 leopard geckos
  5 orcs (D:4)
  7 bats
  2 giant cockroaches
  9 goblins
  5 hobgoblins
  3 jackals (D:3)
  11 kobolds
  4 quokkas
  2 ball pythons
  5 frilled lizards
  6 rats
75 creatures vanquished.

Vanquished Creatures (collateral kills)
  Ijyb (D:3)
1 creature vanquished.

Grand Total: 76 creatures vanquished

Notes
Turn   | Place    | Note
-------+----------+-------------------------------------------
     0 | D:1      | infcreate the Deep Elf Necromancer began the quest for the Orb.
     0 | D:1      | Reached XP level 1. HP: 10/10 MP: 6/6
    32 | D:1      | Reached skill level 5 in Necromancy
   432 | D:1      | Reached XP level 2. HP: 8/15 MP: 0/8
  1137 | D:2      | Reached XP level 3. HP: 15/19 MP: 7/9
  1173 | D:2      | Learned a level 3 spell: Vampiric Draining
  1695 | D:3      | Noticed Jessica
  1695 | D:3      | Noticed GreatBrownShark's ghost (amateur HOFi)
  2063 | D:3      | Reached XP level 4. HP: 17/24 MP: 6/12
  2102 | D:3      | Learned a level 4 spell: Animate Dead
  2260 | D:3      | Noticed Ijyb
  2278 | D:3      | Killed Ijyb
  2516 | D:3      | Learned a level 4 spell: Animate Dead
  2574 | D:3      | Noticed a bullfrog
  2584 | D:3      | Killed a bullfrog
  2584 | D:3      | Reached skill level 5 in Spellcasting
  2584 | D:3      | Reached XP level 5. HP: 16/28 MP: 3/14
  2599 | D:3      | Killed Jessica
  3189 | D:3      | Found a bloodstained altar of Trog.
  3560 | D:4      | Noticed an ogre
  3565 | D:4      | Learned a level 5 spell: Borgnjor's Vile Clutch
  3574 | D:4      | Killed an ogre
  3574 | D:4      | Reached XP level 6. HP: 21/32 MP: 10/17
  3814 | D:4      | Noticed Menkaure
  4030 | D:4      | Noticed Edmund
  4030 | D:4      | Noticed Sigmund
  4042 | D:4      | Killed Edmund
  4100 | D:4      | Mangled by Menkaure

Skill      XL: |  1  2  3  4  5  6 |
---------------+-------------------+-----
Necromancy     | 5 6 7 |  7.6
Stealth        | 3 |  3.5
Spellcasting   | 4 5 6 7 |  7.2
Dodging        | |  2.6

Action                   |  1- 3 |  4- 6 || total
-------------------------+-------+-------++-------
 Cast: Pain              |    70 |    65 ||   135
       Vampiric Draining |     1 |    10 ||    11
       Animate Dead      |       |     5 ||     5
  Use: Scroll            |     3 |     4 ||     7
  Eat: Chunk             |     3 |     4 ||     7
       Ration            |       |     1 ||     1
Armor: Robe              |       |    10 ||    10
Dodge: Dodged            |     9 |    27 ||    36
